Map: Dusk Towers

Players

Miszu

  • Race: Terran Terran
  • League: Master

dTefel (Tefel) - Winner!

  • Race: Zerg Zerg
  • League: Grandmaster

VOD

Have the link to the VOD?

Description

Time

  • Played on: March 13, 2016, 3:15 p.m.
  • Length: 10:50
Show
View Real Time Build Order
Export as new Build Order

Miszu Terran 

Build Orders: Liberator Opening, Reaper Expand, MMM Bio 

Get SALT Encoding   

  12  0:00  SCV  
  13  0:12  SCV  
  14  0:17  Supply Depot  
  14  0:24  SCV  
  15  0:39  SCV  
  15  0:40  Barracks  
  16  0:44  Refinery  
  16  0:51  SCV  
  17  1:03  SCV  
  19  1:28  Reaper, Orbital Command  
  19  1:36  Command Center  
  19  1:46  Supply Depot  
  19  1:51  Refinery  
  19  1:54  SCV  
  20  2:06  Barracks Reactor, SCV  
  21  2:18  SCV  
  21  2:22  Factory  
  22  2:30  SCV  
  24  2:44  Marine x2, SCV  
  24  2:50  Orbital Command  
  26  2:56  SCV  
  27  3:02  Marine x2  
  27  3:05  Starport  
  29  3:06  Factory Tech Lab  
  29  3:08  SCV  
  30  3:16  SCV  
  31  3:20  Marine x2, SCV  
  31  3:26  Liberator  
  34  3:28  SCV  
  34  3:32  SCV  
  36  3:39  Command Center  
  36  3:40  SCV  
  36  3:45  SCV  
  40  3:51  Supply Depot  
  40  3:52  SCV  
  41  3:57  SCV  
  41  4:00  Siege Tank  
  45  4:04  SCV  
  45  4:08  Supply Depot  
  45  4:09  Liberator  
  46  4:13  SCV  
  46  4:16  Supply Depot  
  46  4:17  SCV  
  48  4:25  SCV  
  48  4:30  Barracks  
  52  4:35  Barracks  
  52  4:37  SCV  
  53  4:39  SCV  
  53  4:41  Engineering Bay  
  53  4:43  Engineering Bay  
  54  4:49  SCV  
  54  4:51  SCV, Orbital Command  
  56  4:58  Refinery  
  56  4:59  Refinery  
  56  5:02  SCV  
  56  5:06  SCV  
  58  5:14  Marine  
  58  5:18  Marine, Missile Turret x2  
  58  5:20  Barracks Tech Lab  
  60  5:21  Starport Reactor  
  60  5:22  Barracks Tech Lab  
  60  5:24  Terran Infantry Armor Level 1  
  60  5:25  Terran Infantry Weapons Level 1  
  57  5:30  SCV  
  57  5:31  Missile Turret  
  57  5:32  Marine, SCV  
  57  5:34  SCV  
  61  5:36  Marine  
  61  5:40  Combat Shields  
  61  5:41  Stimpack  
  61  5:42  Marine  
  63  5:43  Marine  
  63  5:46  SCV  
  63  5:51  SCV  
  63  5:54  Marine  
  63  5:57  Marine  
  64  5:58  SCV  
  64  5:59  Medivac x2, Orbital Command  
  64  6:00  Marine  
  64  6:01  Marine  
  64  6:03  SCV  
  73  6:06  Supply Depot  
  73  6:10  SCV  
  74  6:12  Marine  
  74  6:13  Armory  
  74  6:15  Supply Depot  
  74  6:16  SCV  
  76  6:23  SCV  
  76  6:25  Siege Tank  
  80  6:26  SCV  
  80  6:28  SCV  
  82  6:35  SCV  
  82  6:36  Missile Turret  
  82  6:38  SCV  
  86  6:40  Marauder, SCV  
  86  6:41  Marine, Marauder  
  90  6:47  SCV  
  90  6:50  SCV  
  90  6:52  Supply Depot, SCV  
  90  6:53  Supply Depot  
  93  6:59  SCV  
  92  7:08  Siege Tank  
  95  7:09  SCV x2, Terran Vehicle Weapons Level 1  
  95  7:11  SCV  
  98  7:16  Marauder  
  98  7:18  Marine  
  98  7:19  Barracks  
  98  7:20  Barracks  
  98  7:21  Marine, Medivac, SCV, Terran Infantry Weapons Level 2  
  98  7:22  Marauder, SCV  
  108  7:23  SCV  
  108  7:24  Terran Infantry Armor Level 2  
  108  7:27  Supply Depot  
  109  7:34  Supply Depot  
  109  7:35  SCV  
  109  7:36  Marine  
  111  7:38  Marauder  
  111  7:40  Marine  
  111  7:43  Marauder  
  116  7:45  SCV  
  114  7:52  Medivac x2  
  114  7:58  SCV  
  119  7:59  Marauder  
  119  8:00  Barracks  
  119  8:01  Barracks  
  119  8:03  Refinery  
  119  8:04  Refinery, Command Center  
  119  8:05  Marine  
  122  8:06  Marine x2  
  122  8:12  Marine x2  
  126  8:20  Marine  
  126  8:22  Medivac  
  126  8:23  Marine  
  133  8:27  Medivac  
  122  8:37  Barracks Tech Lab x2  
  120  8:44  Siege Tank  
  123  8:48  Supply Depot  
  123  8:49  Supply Depot, Barracks Reactor, Barracks Tech Lab  
  123  8:52  Medivac  
  125  8:57  Medivac  
  125  8:58  Marine x4, Marauder, Missile Turret  
  125  9:00  Missile Turret x2  
  133  9:05  Ghost Academy  
  133  9:07  Starport  
  133  9:10  Marauder x2  
  133  9:11  Supply Depot  
  133  9:14  Supply Depot  
  133  9:16  Marine x2  
  139  9:18  Liberator  
  139  9:21  Marine  
  139  9:22  Marauder  
  142  9:26  Marine x2, Marauder  
  149  9:39  Refinery  
  149  9:43  Refinery, Planetary Fortress  
  149  9:45  Starport Tech Lab  
  149  9:46  Ghost  
  149  9:50  Marauder x2  
  152  10:03  Cyclone  
  155  10:10  Marine, Marauder  
  155  10:11  Marine, Marauder  
  155  10:12  Command Center  
Show
View Real Time Build Order
Export as new Build Order

dTefel Zerg - Winner!

Build Orders: Hatch First, Muta Ling Bane 

Get SALT Encoding   

  12  0:00  Drone  
  13  0:07  Drone  
  14  0:17  Overlord  
  14  0:22  Extractor  
  14  0:23  Drone  
  15  0:35  Drone x2  
  17  0:51  Hatchery  
  16  1:04  Spawning Pool  
  16  1:06  Drone  
  16  1:09  Extractor  
  15  1:12  Drone  
  15  1:16  Drone  
  17  1:20  Drone  
  18  1:32  Drone  
  19  1:39  Drone  
  20  1:50  Queen  
  22  2:03  Queen, Drone x2  
  22  2:04  Drone  
  27  2:12  Overlord  
  27  2:15  Drone  
  28  2:26  Lair  
  28  2:32  Drone x2  
  28  2:33  Drone  
  31  2:38  Drone  
  31  2:39  Queen  
  34  2:45  Drone  
  34  2:48  Drone  
  36  2:51  Extractor  
  36  2:52  Extractor  
  36  2:53  Overlord  
  36  2:58  Drone x2  
  36  3:09  Overlord  
  36  3:13  Drone x6  
  36  3:18  Drone  
  43  3:22  Drone  
  43  3:34  Spire, Drone x3  
  46  3:37  Drone  
  46  3:40  Drone  
  47  3:47  Drone x4  
  51  3:59  Hatchery  
  51  4:01  Zergling x4  
  52  4:05  Spore Crawler  
  51  4:11  Overlord  
  51  4:12  Overlord  
  51  4:22  Drone  
  52  4:25  Overlord  
  52  4:30  Extractor  
  51  4:46  Mutalisk  
  51  4:47  Mutalisk x5  
  51  4:49  Mutalisk  
  51  4:52  Drone x3  
  68  4:54  Drone x3  
  71  5:02  Overlord  
  71  5:14  Drone x3  
  74  5:16  Drone  
  77  5:21  Drone x3  
  77  5:25  Drone x4  
  77  5:26  Drone  
  83  5:29  Evolution Chamber  
  83  5:31  Drone  
  83  5:32  Metabolic Boost, Baneling Nest, Evolution Chamber  
  81  5:37  Drone x2  
  81  5:40  Extractor  
  81  5:41  Drone  
  83  5:46  Extractor  
  82  5:51  Drone x5  
  82  5:52  Overlord  
  82  5:53  Drone x3  
  90  5:58  Zerg Melee Weapons Level 1, Zerg Ground Armor Level 1  
  90  6:01  Overlord  
  90  6:03  Overlord  
  90  6:06  Infestation Pit  
  90  6:08  Drone  
  90  6:09  Overlord  
  90  6:13  Zergling x8  
  90  6:15  Hatchery  
  90  6:17  Centrifical Hooks  
  93  6:19  Zergling x2  
  93  6:20  Zergling x4  
  93  6:23  Zergling x4  
  93  6:25  Zergling x2  
  99  6:27  Zergling x2  
  99  6:28  Overlord  
  99  6:31  Mutalisk x2  
  104  6:35  Drone x3  
  104  6:39  Drone  
  108  6:40  Drone  
  108  6:44  Baneling x4  
  108  6:45  Drone x4  
  113  6:47  Hive  
  113  6:49  Zergling x2  
  113  6:52  Zerg Flyer Weapons Level 1  
  113  6:53  Mutalisk  
  116  7:03  Overlord, Drone x7  
  123  7:10  Overlord  
  123  7:15  Zergling x4  
  123  7:16  Zergling x10  
  123  7:17  Overlord  
  123  7:21  Overlord  
  130  7:26  Extractor, Drone x2  
  130  7:28  Overlord  
  131  7:31  Extractor  
  131  7:32  Overlord  
  130  7:39  Zergling x4  
  130  7:40  Zergling x2  
  132  7:51  Zergling x10  
  132  7:52  Zerg Ground Armor Level 2, Zerg Melee Weapons Level 2  
  132  7:54  Zergling x14  
  143  8:01  Overlord  
  143  8:03  Ultralisk Cavern  
  143  8:04  Zergling x4  
  144  8:06  Hatchery  
  144  8:07  Zergling x2  
  144  8:09  Overlord  
  144  8:10  Adrenal Glands  
  144  8:11  Overlord  
  144  8:13  Zergling x8  
  146  8:20  Zergling x2  
  146  8:21  Zergling x8  
  146  8:22  Zergling x2  
  146  8:24  Baneling x20  
  146  8:25  Zergling x2  
  151  8:27  Zergling x4  
  151  8:31  Zergling x4  
  151  8:32  Zergling x4  
  155  8:40  Mutalisk x2  
  159  8:43  Mutalisk x2  
  159  8:45  Baneling x12  
  159  8:46  Overseer x2  
  159  8:47  Baneling x4  
  163  8:49  Zergling x2  
  163  8:54  Ultralisk  
  170  9:00  Ultralisk  
  170  9:01  Zergling x2  
  170  9:02  Zergling x4  
  179  9:05  Chitinous Plating  
  179  9:07  Drone x3  
  182  9:18  Ultralisk  
  182  9:20  Zergling x2  
  182  9:21  Zergling x2  
  196  9:24  Ultralisk  
  196  9:27  Zergling x8  
  200  9:31  Spine Crawler  
  200  9:37  Baneling  
  200  9:38  Extractor, Baneling x8  
  198  9:40  Spine Crawler  
  198  9:41  Extractor  
  198  9:43  Zergling x2  
  198  9:44  Zergling x2  
  198  9:55  Zergling x4  
  200  10:24  Baneling x16  
  200  10:29  Zergling x2  
  200  10:31  Zergling x6  
  200  10:33  Zergling x4  
Tags
 
Add a new tag
Caveats
  • Supply blocks, unpowered buildings, or Contaminate may cause inaccurate times.
  • Supply counts are checked every 10 seconds.